cohdb
Replays
Latest Replays
All Replays
Popular Replays
Top Player Replays
Match Explorer
How It Works
Community
CoH3 Stats
Reddit
Sign in to upload your games and track your stats! →
Sign in with Steam
Match 46650773
Unlisted
Match 46650773
Overview
Messages
Build Orders
End
Selects Australian Defense Battlegroup
Selects Australian Light Infantry Section
Australian Light Infantry Section
Australian Light Infantry Section
Construct Section Command Post
Australian Light Infantry Section
Construct Field Infirmary
Construct Platoon Command Post
Selects CMP 15cwt Supply Run
Unlock Bishop Self-propelled Artillery
Angrybirds
ProxyFox
Lardt
v4mp - HTB -
0
0
Comments
sign in to comment!
No comments posted yet!